 Dungeon Crawl Stone Soup version 0.32-a0-306-gfed3edf829 (webtiles) character file.

Game seed: 1107740697720746269

7 n00bmints the Trooper (level 1, 0/18 HPs)
             Began as a Demonspawn Berserker on Feb 15, 2024.
             Was a Follower of Trog.
             Slain by a hobgoblin (3 damage)
             ... on level 1 of the Dungeon.
             The game lasted 00:01:35 (115 turns).

n00bmints the Trooper (Demonspawn Berserker)         Turns: 115, Time: 00:01:36

Health: 0/18       AC:  2    Str: 17    XL:     1   Next: 91%
Magic:  1/1        EV: 12    Int:  7    God:    Trog [*.....]
Gold:   0          SH:  0    Dex: 12    Spells: 0/0 levels left

rFire   . . .        a - +0 mace
rCold   . . .        (no shield)
rNeg    . . .        b - +0 animal skin
rPois   .            (no helmet)
rElec   .            (no cloak)
rCorr   .            (no gloves)
SInv    .            (no boots)
Will    .....        (no amulet)
Stlth   +            (no ring)
HPRegen 0.23/turn    (no ring)
MPRegen 0.07/turn

%: no passive effects
@: no status effects
A: no striking features
a: Renounce Religion, Berserk


You were on level 1 of the Dungeon.
You worshipped Trog.
Trog was aware of your devotion.
You visited 1 branch of the dungeon, and saw 1 of its levels.

Inventory:

Hand Weapons
 a - a +0 mace (weapon)
Armour
 b - a +0 animal skin (worn)
Scrolls
 c - a scroll of fear {unknown}
Potions
 d - a potion of cancellation {unknown}


   Skills:
 + Level 3.1 Fighting
 + Level 2.9 Maces & Flails
 + Level 1.8 Armour
 + Level 2.0 Dodging


You couldn't memorise any spells.
You didn't know any spells.
Your spell library was empty.

Dungeon Overview and Level Annotations

Branches:
Dungeon (1/15)

Altars:


Message History

You closely miss the ball python.
The rat squeaks loudly.
The bat closely misses you. The ball python barely misses you.
The ball python grabs you. The ball python constricts you.
The bat barely misses you.
You barely miss the ball python.
The ball python bites you but does no damage.
The ball python constricts you. The ball python bites you.
The ball python constricts you.
You thump the ball python!
You kill the ball python!
Trog accepts your kill. The bat completely misses you.
A hobgoblin comes into view.
Your Dodging skill increases to level 2!
A hobgoblin comes into view.
The bat closely misses you. The dart slug launches a dart at you.
The slug dart hits you. The bat barely misses you.
You see here a ball python corpse.
The hobgoblin shouts!
The dart slug bites you. The bat hits you but does no damage.
The rat attacks as it pursues you! The rat bites you.
You see here a ball python corpse.
The hobgoblin shouts!
You hear an angry hiss.
The dart slug launches a dart at you. The slug dart hits you. The bat hits you.
The bat closely misses you.
You barely miss the rat. The rat misses you.
You hit the rat but do no damage. The rat bites you.
You closely miss the rat. The rat barely misses you.
You barely miss the rat. The rat bites you. The rat misses you.
You hit the rat but do no damage. The hobgoblin hits you.
* * * LOW HITPOINT WARNING * * *
The rat closely misses you.
You hit the rat but do no damage. The hobgoblin closely misses you.
The rat misses you. The hobgoblin barely misses you.
You closely miss the rat. The rat closely misses you. The hobgoblin hits you.
You die...

#...).#.############
#...#.#.#..........#
#...#.#.#.########.#
##...#.#.#.#...<....#
#....#.#.#.#.########
#.##...#...#
#...#..######
♣######...#..g....##
~~~~~P~...##@#......
~P~P~~...###r#...##.
P~~~~P~....bw# ..##.
~~PPP~P..b..g#......
≈~~P~............P~~
≈P~~~...........♣~~~
≈≈PP~~P..........~~.
~~~~~~P.........g~~≈
~~~~P~P.........P~~≈


You could see a dart slug, 2 hobgoblins, a bat and a rat.

Vanquished Creatures
  A ball python (D:1)
  A hobgoblin (D:1)
  A kobold (D:1)
  A goblin (D:1)
4 creatures vanquished.

Notes
Turn   | Place    | Note
-------+----------+-------------------------------------------
     0 | D:1      | n00bmints the Demonspawn Berserker began the quest for the
                  | Orb.
     0 | D:1      | Reached XP level 1. HP: 18/18 MP: 1/1
   115 | D:1      | Slain by a hobgoblin

Illustrated notes

Levels and vault maps discovered:
D:1:      matt_arrival_spirals, layout_rooms, serial_bayou,
          serial_bayou_lagoon_a, serial_bayou_pond_b, serial_bayou_shore_a,
          serial_bayou_crossing, hangedman_decor_opposing,
          wad_floor_pattern_untrapped, serial_bayou_pond_b

Skill      XL: |  1 |
---------------+----+-----
Dodging        | 2 |  2.0
Fighting       | |  3.1
Maces & Flails | |  2.9
Armour         | |  1.8

Action                     || total
---------------------------++-------
  Melee: Mace              ||    24
 Armour: Animal skin       ||    25
  Dodge: Dodged            ||    30

Table legend: (Time is in decaauts)
 A = Elapsed time spent in this place.
 B = Non-inter-level travel time spent in this place.
 C = Inter-level travel time spent in this place.
 D = Time resting spent in this place.
 E = Time spent auto-exploring this place.
 F = Levels seen in this place.
 G = Mean time per level.
                   A        B        C        D        E       F      G
               +--------+--------+--------+--------+--------+-----+--------+
         Total |    121 |    115 |      6 |      0 |      0 |   1 |  121.0 |
       Dungeon |    121 |    115 |      6 |      0 |      0 |   1 |  121.0 |
               +--------+--------+--------+--------+--------+-----+--------+

Top non-repeatable levels by time:
     D:1: 121 daAuts
